 Dungeon Crawl Stone Soup version 0.25-a0-1007-g10a8c3caa8 (webtiles) character file.

Game seed: 4325793060769372025, levelgen mode: classic

10838 EnegeticOcto the Fighter (level 11, -1/102 HPs)
             Began as a Minotaur Fighter on May 11, 2020.
             Was an Initiate of Gozag.
             Slain by a cyclops (18 damage)
             ... on level 11 of the Dungeon.
             The game lasted 00:08:26 (11578 turns).

EnegeticOcto the Fighter (Minotaur Fighter)        Turns: 11578, Time: 00:08:26

Health: -1/102     AC: 13    Str: 24    XL:     11   Next: 41%
Magic:  13/13      EV:  9    Int:  5    God:    Gozag
Gold:   1327       SH:  2    Dex:  7    Spells: 10/10 levels left

rFire    . . .     SeeInvis .   z - +9 battleaxe "Nuguaxzai" {vorpal, +Rage}
rCold    . . .     Gourm    .   (shield currently unavailable)
rNeg     + . .     Faith    .   y - +0 plate armour
rPois    +         Spirit   .   (helmet restricted)
rElec    .         Reflect  +   (no cloak)
rCorr    +         Harm     .   (no gloves)
MR       .....                  (no boots)
Stlth    ..........             d - +2 amulet of reflection
HPRegen  0.27/turn              t - ring "Wavedixya" {rPois rN+ rCorr}
MPRegen  0.13/turn              b - -3 ring of dexterity (curse)

@: gold aura
A: retaliatory headbutt, horns 2
a: Potion Petition, Call Merchant, Bribe Branch, Renounce Religion, Evoke
Berserk Rage


You were on level 11 of the Dungeon.
You worshipped Gozag.
Gozag was most pleased with you.
You were not hungry.

You visited 1 branch of the dungeon, and saw 11 of its levels.

You collected 4029 gold pieces.
You spent 1030 gold pieces at shops.
You paid 1672 gold pieces to Gozag.

Inventory:

Hand Weapons
 a - a +0 broad axe
 z - the +9 battleaxe "Nuguaxzai" (weapon) {vorpal, +Rage}
   (You bought it in a shop on level 8 of the Dungeon)

   It inflicts extra damage upon your enemies.
   It lets you go berserk.
Missiles
 r - 5 throwing nets (quivered)
Armour
 c - a +1 kite shield
 y - a +0 plate armour (worn)
Jewellery
 b - a cursed -3 ring of dexterity (right hand)
 d - a +2 amulet of reflection (around neck)
 t - the ring "Wavedixya" (left hand) {rPois rN+ rCorr}
   (You found it on level 6 of the Dungeon)

   [ring of resist corrosion]

   It protects you from poison.
   It protects you from negative energy.
   It provides partial protection from all sources of acid and corrosion.
 D - a +5 ring of intelligence {unknown}
Wands
 s - a wand of digging (22) {@v2}
 B - a wand of clouds (7)
 C - a wand of iceblast (5)
Scrolls
 g - 3 scrolls of enchant armour
 n - 5 scrolls of teleportation {@r2}
 o - 2 scrolls of fear
 w - a scroll of magic mapping {@r5}
 x - 7 scrolls of remove curse {@r6}
 E - a scroll of vulnerability {unknown}
 F - a scroll of blinking {@r3}
Potions
 f - a potion of degeneration {unknown}
 h - a potion of flight
 i - 2 potions of lignification {@q7}
 j - 7 potions of stabbing {@q5}
 k - 2 potions of might {@q3}
 l - a potion of invisibility {unknown}
 m - 2 potions of brilliance
 p - 2 potions of curing {@q1}
 q - 2 potions of heal wounds {@q2}
 u - 3 potions of haste {unknown}
 v - 2 potions of berserk rage {unknown}
 A - a potion of ambrosia {unknown}
Miscellaneous
 G - a phial of floods
Comestibles
 e - 22 rations


   Skills:
 * Level 11.5 Fighting
 * Level 11.1 Axes
 + Level 8.7 Armour
 + Level 6.9 Dodging
 + Level 8.7 Shields
 * Level 5.2 Evocations


You had 10 spell levels left.
You didn't know any spells.
Your spell library contained the following spells:

 Spells                   Type           Power        Failure   Level  Hunger
 Corona                   Hex            #......      100%        1    ##.....
 Sandblast                Erth           #.....       100%        1    ##.....
 Ensorcelled Hibernation  Hex/Ice        #.....       100%        2    ###....
 Passwall                 Tmut/Erth      #.......     100%        2    ###....
 Confusing Touch          Hex            #.......     100%        3    ####...
 Dazzling Flash           Conj/Hex       #.....       100%        3    ####...
 Stone Arrow              Conj/Erth      #.....       100%        3    ####...
 Tukima's Dance           Hex            #.......     100%        3    ####...
 Cause Fear               Hex            #.........   100%        4    #####..
 Petrify                  Tmut/Erth      #.......     100%        4    #####..
 Lee's Rapid Deconstruct  Erth           #.........   100%        5    ######.
 Silence                  Hex/Air        #.........   100%        5    ######.
 Yara's Violent Unravell  Hex/Tmut       #.........   100%        5    ######.
 Discord                  Hex            #.........   100%        8    #######


Dungeon Overview and Level Annotations

Branches:
Dungeon (11/15)            Temple (0/1) D:6            Lair (0/6) D:8
    Orc (0/2) D:10

Altars:
Ashenzari
Cheibriados
Dithmenos
Elyvilon
Fedhas
Gozag
Kikubaaqudgha
Makhleb
Okawaru
Ru
Sif Muna
Vehumet
Wu Jian
Zin

Shops:
D:4 [   D:6 !   D:8 *[

Annotations:
D:7 2 runed translucent doors, Flugslaktarn's ghost, novice MiFi
D:10 3 runed translucent doors, Flugslaktarn's ghost, journeyman MiFi; bmj180's ghost, novice DrCj


Innate Abilities, Weirdness & Mutations

You reflexively headbutt those who attack you in melee.
You have a pair of horns on your head.


Message History

No target in view!
No target in view!
No target in view!
No target in view!
No target in view!
No target in view!
No target in view!
No target in view!
No target in view!
Found a wand of random effects (14).
No target in view!
No target in view!
No target in view!
No target in view!
No target in view!
No target in view!
No target in view!
No target in view!
A worker ant zombie comes into view.
Found 18 gold pieces and 9 stones.
You completely miss the worker ant zombie.
The worker ant zombie bites you but does no damage.
You hit the worker ant zombie. You headbutt the worker ant zombie.
The worker ant zombie is heavily damaged.
The worker ant zombie bites you but does no damage.
The worker ant zombie closely misses you.
You slash the worker ant zombie!
You destroy the worker ant zombie!
No target in view!
No target in view!
No target in view!
No target in view!
No target in view!
No target in view!
You now have 1309 gold pieces (gained 4).
You now have 1327 gold pieces (gained 18).
You see here 16 stones.
Found a stone staircase leading down.
Found an escape hatch in the floor.
No target in view!
No target in view!
No target in view!
You eat one of the 23 rations.
That ration really hit the spot!
A centaur comes into view.
The centaur shouts!
The centaur wields a +0 shortbow.
The centaur shoots an arrow.
The arrow hits you.
A cyclops comes into view.
Found a stone staircase leading down.
You see here an arrow.
There are monsters nearby!
There are monsters nearby!
The cyclops shouts!
The centaur shoots an arrow.
The arrow barely misses you.
The cyclops throws a large rock.
The large rock hits you!!
The centaur shoots an arrow.
The arrow completely misses you.
You see here a large rock.
The centaur unwields a +0 shortbow.
The centaur hits you but does no damage.
The cyclops throws a large rock.
The large rock barely misses you.
You barely miss the centaur.
The centaur hits you but does no damage. x2
The cyclops throws a large rock.
The large rock hits you!
You hit the centaur.
The centaur is lightly wounded.
The centaur barely misses you. You block the centaur's attack.
The cyclops throws a large rock.
The large rock hits you!!
You are too injured to fight recklessly!
You are too injured to fight recklessly!
You are too injured to fight recklessly!
You are too injured to fight recklessly!
You are too injured to fight recklessly!
There are monsters nearby!
There are monsters nearby!
You slash the centaur! You headbutt the centaur.
You kill the centaur!
Things that are here:
20 gold pieces; a +0 shortbow; 22 arrows You hit the cyclops.
The cyclops is lightly wounded.
The cyclops closely misses you.
You hit the cyclops but do no damage. You headbutt the cyclops.
The cyclops is moderately wounded.
The cyclops barely misses you.
You hit the cyclops.
The cyclops is moderately wounded.
You slash the cyclops! You headbutt the cyclops.
The cyclops is heavily wounded.
The cyclops hits you!!
* * * LOW HITPOINT WARNING * * *
You hit the cyclops but do no damage.
The cyclops is heavily wounded.
The cyclops hits you.
* * * LOW HITPOINT WARNING * * *
Your plate armour prevents you from hitting the cyclops.
You headbutt the cyclops!
The cyclops is severely wounded.
The cyclops hits you!!
You die...
Your body crumbles into a pile of gold.

#. #.(#.....#
#.####..#.....# ###.
#.......#.....# #.#.#
#.......((....###.#.#.
#.....................
#......(#...........>.
#......(#.............
#......$#.............
#.....C@#......>......
#.......#.............
#...>...#.............
#.......#.............
#.......#...##........
######..#...##..........
#..#...##........ .
#..#...##........ #
#..#...##........ #


You could see a cyclops.

Vanquished Creatures
  A two-headed ogre (D:9)
  Sonja (D:11)
  An unseen horror (D:10)
  2 cyclopes (D:11)
  A red devil (D:11)
  A troll (D:11)
  Prince Ribbit (D:8)
  Grinder (D:3)
  3 hippogriffs
  A wraith (D:11)
  2 humans (D:9)
  A hungry ghost (D:7)
  Edmund (D:4)
  A water moccasin (D:10)
  3 sky beasts
  Duvessa (D:4)
  5 ice beasts
  3 orc warriors
  A necrophage (D:8)
  10 ogres
  5 centaurs
  4 phantoms
  A crocodile (D:8)
  A big kobold (D:8)
  9 bullfrogs
  Dowan (D:4)
  3 scorpions
  A wyvern skeleton (D:9)
  6 killer bees (D:8)
  An electric eel (D:9)
  A howler monkey (D:8)
  10 crimson imps
  3 bullfrog zombies
  A jelly (D:8)
  7 hounds
  An orc priest (D:8)
  4 centaur skeletons
  10 orc wizards
  6 worker ants
  Natasha (thrice) (D:2)
  4 iguanas
  A killer bee zombie (D:5)
  3 hound skeletons
  3 worker ant zombies
  A howler monkey skeleton (D:4)
  11 gnolls
  10 adders
  4 shadow imps
  4 oozes
  2 adder zombies
  2 worms (D:3)
  2 dart slugs (D:2)
  13 orcs
  4 ball pythons
  4 bats
  5 giant cockroaches
  11 goblins
  7 hobgoblins
  2 jackals (D:1)
  15 kobolds
  3 quokkas
  2 frilled lizards
  A jackal skeleton (D:6)
  A leopard gecko zombie (D:7)
  7 rats
241 creatures vanquished.

Vanquished Creatures (others)
  An adder (D:10)
  A kobold (D:8)
2 creatures vanquished.

Grand Total: 243 creatures vanquished

Notes
Turn   | Place    | Note
-------+----------+-------------------------------------------
     0 | D:1      | EnegeticOcto the Minotaur Fighter began the quest for the
                  | Orb.
     0 | D:1      | Reached XP level 1. HP: 19/19 MP: 0/0
    35 | D:1      | Reached XP level 2. HP: 15/27 MP: 1/1
   580 | D:1      | Reached XP level 3. HP: 33/33 MP: 2/2
   855 | D:2      | Reached skill level 1 in Dodging
  1043 | D:2      | Noticed Natasha
  1051 | D:2      | Killed Natasha
  1051 | D:2      | Reached XP level 4. HP: 24/41 MP: 3/3
  1255 | D:2      | Found a shattered altar of Ashenzari.
  1258 | D:2      | Noticed Natasha
  1598 | D:2      | Found a white marble altar of Elyvilon.
  1645 | D:2      | Killed Natasha
  1645 | D:2      | Reached skill level 5 in Fighting
  1645 | D:2      | Reached XP level 5. HP: 37/48 MP: 4/4
  1791 | D:2      | Noticed Natasha
  1797 | D:2      | Killed Natasha
  2258 | D:3      | Noticed Grinder
  2263 | D:3      | Paralysed by Grinder for 4 turns
  2270 | D:3      | Paralysed by Grinder for 7 turns
  2285 | D:3      | Killed Grinder
  2285 | D:3      | Reached skill level 5 in Axes
  2285 | D:3      | Reached XP level 6. HP: 30/57 MP: 5/5
  2516 | D:3      | Found a radiant altar of Vehumet.
  2699 | D:3      | Found a blossoming altar of Fedhas.
  2699 | D:3      | Found a sacrificial altar of Ru.
  2756 | D:3      | Found an iron altar of Okawaru.
  2758 | D:3      | Found an ancient bone altar of Kikubaaqudgha.
  2759 | D:3      | Found a shimmering blue altar of Sif Muna.
  2924 | D:4      | Found Lolont's Antique Armour Boutique.
  2984 | D:4      | You fall into a shaft and drop 1 floor!
  2984 | D:5      | Entered Level 5 of the Dungeon
  3117 | D:4      | Noticed Edmund
  3123 | D:4      | Killed Edmund
  3123 | D:4      | Reached skill level 5 in Armour
  3123 | D:4      | Reached XP level 7. HP: 54/63 MP: 6/6
  3190 | D:4      | Noticed Duvessa
  3190 | D:4      | Noticed Dowan
  3197 | D:4      | Killed Duvessa
  3197 | D:4      | Reached skill level 5 in Shields
  3199 | D:4      | Killed Dowan
  3432 | D:4      | Found an opulent altar of Gozag.
  3433 | D:4      | Found a glowing silver altar of Zin.
  3457 | D:4      | Became a worshipper of Gozag Ym Sagoz the Greedy
  3640 | D:4      | Reached XP level 8. HP: 60/73 MP: 7/7
  4712 | D:5      | Found a shadowy altar of Dithmenos.
  5131 | D:6      | Got a fine granite ring
  5132 | D:6      | Identified the ring "Wavedixya" {rPois rN+ rCorr} (You
                  | found it on level 6 of the Dungeon)
  5155 | D:6      | Reached XP level 9. HP: 70/82 MP: 8/8
  5478 | D:6      | Got a faintly humming scale mail
  5489 | D:6      | Identified the cursed +1 scale mail of Classification
                  | {Str+6} (You found it on level 6 of the Dungeon)
  5573 | D:6      | Found Birisong's Distillery.
  5607 | D:6      | Found an ornate altar of the Wu Jian Council.
  5705 | D:6      | Found a blossoming altar of Fedhas.
  5831 | D:6      | Found a staircase to the Ecumenical Temple.
  6027 | D:6      | Reached skill level 5 in Dodging
  6540 | D:7      | Found a large runed translucent door.
  6542 | D:7      | Found a large runed translucent door.
  6542 | D:7      | Noticed Flugslaktarn's ghost (novice MiFi)
  6577 | D:7      | Reached skill level 1 in Evocations
  7014 | D:8      | Found a snail-covered altar of Cheibriados.
  7401 | D:8      | Reached XP level 10. HP: 93/93 MP: 10/10
  7604 | D:8      | Reached skill level 10 in Fighting
  7660 | D:8      | Found a staircase to the Lair.
  7711 | D:8      | You fall into a shaft and drop 1 floor!
  7858 | D:9      | Noticed a two-headed ogre
  7879 | D:9      | Killed a two-headed ogre
  8032 | D:9      | Reached skill level 10 in Axes
  8337 | D:8      | Noticed Prince Ribbit
  8388 | D:8      | Killed Prince Ribbit
  8891 | D:8      | Identified a scroll of acquirement
  8891 | D:8      | Identified the ring of Pitaiq {MR+ rCorr} (You acquired it
                  | on level 8 of the Dungeon)
  8896 | D:8      | Bought a scroll of magic mapping for 52 gold pieces
  8896 | D:8      | Bought the +9 battleaxe "Nuguaxzai" {vorpal, +Rage} for 978
                  | gold pieces
  8944 | D:9      | Found an iron altar of Okawaru.
  9068 | D:9      | Found a shattered altar of Ashenzari.
  9649 | D:9      | Reached XP level 11. HP: 86/101 MP: 13/13
  9929 | D:10     | Entered Level 10 of the Dungeon
 10310 | D:10     | Found a shattered altar of Ashenzari.
 10332 | D:10     | Killed an unseen horror
 10400 | D:10     | Found a staircase to the Orcish Mines.
 10407 | D:10     | Found a runed translucent gate.
 10407 | D:10     | Found a runed translucent gate.
 10407 | D:10     | Found a runed translucent gate.
 10407 | D:10     | Noticed bmj180's ghost (novice DrCj)
 10408 | D:10     | Noticed Flugslaktarn's ghost (journeyman MiFi)
 10916 | D:11     | Found a burning altar of Makhleb.
 11160 | D:11     | Noticed Sonja
 11168 | D:11     | Killed Sonja
 11168 | D:11     | Reached skill level 5 in Evocations
 11578 | D:11     | Slain by a cyclops

Illustrated notes

Levels and vault maps discovered:
D:1:      ncdulo_halloftheorcs, layout_basic
D:2:      layout_loops_cross, overflow_temple_1_default, first_ration,
          nicolae_ashenzari_panopticon, uniq_natasha
D:3:      layout_loops_ring, chequers_temple_overflow_minitemple,
          vehumet_crystals, uniq_grinder
D:4:      layout_gridville, grunt_temple_overflow_gold_and_silver, serial_shops,
          nicolae_shop_crystal, uniq_duvessa, uniq_edmund
D:5:      layout_basic, old_standard_altar, minmay_checkerbox
D:6:      minmay_flawed_box, layout_basic, kennysheep_little_box,
          minmay_temple_entry_poolview, serial_shops, shop, fedhas_altar_2
D:7:      layout_loops_ring, ebering_ghost_disaster_area, kennysheep_nub
D:8:      layout_loops_ring, cheibriados_altar_1, lair_entry_dummy,
          grunt_ogre_cave, eino_jars, uniq_prince_ribbit1
D:9:      layout_loops_corners, kennysheep_mini_moat, serial_glass,
          glass_columns_b, glass_columns_c, kennysheep_cross_room,
          okawaru_humans
D:10:     layout_basic, orc_0_dummy, basic_altar, gammafunk_ghost_cemetery,
          lemuel_flame_loot_1
D:11:     layout_long_grid, roderic_roman_lattice, lemuel_hellish_altar,
          uniq_sonja

Skill      XL: |  1  2  3  4  5  6  7  8  9 10 11 |
---------------+----------------------------------+-----
Fighting       | 4 5 6 7 8 9 10 11 | 11.5
Axes           | 3 4 5 6 7 9 10 11 | 11.1
Armour         | 4 5 6 7 8 |  8.7
Dodging        | 1 2 3 4 5 6 |  6.9
Shields        | 4 5 6 7 8 |  8.7
Evocations     | 1 4 5 |  5.2

Action                   |  1- 3 |  4- 6 |  7- 9 | 10-12 || total
-------------------------+-------+-------+-------+-------++-------
Melee: War axe           |    91 |   108 |   170 |       ||   369
       Headbutt          |    14 |    18 |    61 |    29 ||   122
       Broad axe         |       |       |   143 |   139 ||   282
       Battleaxe         |       |       |       |   100 ||   100
Invok: Call Merchant     |       |       |       |     2 ||     2
 Abil: Evoke Berserk Rag |     1 |     1 |       |       ||     2
Evoke: Wand              |       |       |       |     4 ||     4
  Use: Scroll            |       |     6 |     9 |     3 ||    18
       Potion            |       |       |     1 |     1 ||     2
  Eat: Chunk             |     1 |     8 |     1 |       ||    10
       Ration            |       |       |     5 |     4 ||     9
Armor: Scale mail        |    45 |    38 |    47 |       ||   130
       Plate armour      |       |       |    49 |   120 ||   169
Dodge: Dodged            |    26 |    31 |    86 |    77 ||   220
Block: Kite shield       |    52 |    48 |   184 |   118 ||   402
       Reflection        |       |       |     4 |     7 ||    11
       Other             |       |       |       |     9 ||     9

Table legend:
 A = Non-vault XP
 B = Vault XP
 C = Vault XP percentage of total XP
 D = Non-vault monster count
 E = Vault monster count
 F = Vault count percentage of total count
                 A         B        C        D         E       F
            +---------+---------+-------+---------+---------+-------
      Total |   11995 |    3488 |  22.5 |     212 |      29 |  12.0
            +---------+---------+-------+---------+---------+-------
        D:1 |      59 |       0 |   0.0 |      31 |       0 |   0.0
        D:2 |     176 |      35 |  16.6 |      25 |       1 |   3.8
        D:3 |     103 |     272 |  72.5 |      17 |       1 |   5.6
        D:4 |     677 |     364 |  35.0 |      14 |       3 |  17.6
        D:5 |     745 |     149 |  16.7 |      12 |       3 |  20.0
        D:6 |     927 |     351 |  27.5 |      15 |       9 |  37.5
        D:7 |    1279 |       0 |   0.0 |      21 |       0 |   0.0
        D:8 |    1971 |     778 |  28.3 |      30 |       8 |  21.1
        D:9 |    2720 |     410 |  13.1 |      26 |       2 |   7.1
       D:10 |    1256 |       0 |   0.0 |       9 |       0 |   0.0
       D:11 |    2082 |    1129 |  35.2 |      12 |       2 |  14.3
            +---------+---------+-------+---------+---------+-------
